Map: Sanctuary III LE

Players

patchzerg

  • Race: Terran Terran
  • League: Diamond

BeMyWife - Winner!

  • Race: Zerg Zerg
  • League: Diamond

VOD

Have the link to the VOD?

Description

Time

  • Played on: Oct. 29, 2026, 5:40 a.m.
  • Length: 12:25
Show
View Real Time Build Order
Export as new Build Order

patchzerg Terran 

Build Orders:  

Get SALT Encoding   

  12  0:00  SCV  
  13  0:12  SCV  
  14  0:18  Supply Depot  
  14  0:24  SCV  
  15  0:39  SCV  
  15  0:42  Barracks  
  16  0:46  Refinery  
  16  0:51  SCV  
  17  1:03  SCV  
  18  1:16  SCV  
  19  1:28  SCV  
  19  1:32  Marine  
  21  1:41  Command Center  
  21  1:44  Orbital Command  
  21  1:54  Supply Depot  
  21  2:00  Barracks Tech Lab  
  21  2:19  Marine  
  22  2:27  Barracks  
  22  2:33  Bunker  
  22  2:36  Supply Depot  
  22  2:37  Marine  
  22  2:38  SCV  
  22  2:41  Supply Depot  
  24  2:49  Factory  
  24  2:50  SCV  
  25  2:56  Orbital Command  
  25  3:06  SCV  
  25  3:11  Marine  
  27  3:18  SCV  
  28  3:29  Marine  
  28  3:30  SCV  
  28  3:31  SCV  
  31  3:34  Starport, Factory Tech Lab  
  31  3:42  SCV  
  31  3:43  SCV  
  31  3:44  Barracks Reactor  
  31  3:47  Marine  
  34  3:53  Refinery  
  34  3:55  Refinery, SCV x2  
  36  3:56  Refinery  
  36  4:07  SCV x2  
  38  4:16  Starport Reactor  
  38  4:19  SCV x2  
  38  4:21  Engineering Bay  
  38  4:22  Marine x2  
  38  4:24  Engineering Bay  
  42  4:27  Stimpack  
  42  4:31  SCV x2  
  44  4:38  Command Center  
  44  4:43  SCV x2  
  46  4:55  SCV  
  46  4:56  SCV  
  46  4:57  Terran Infantry Weapons Level 1, Terran Infantry Armor Level 1  
  48  5:04  Marine x3  
  48  5:07  Medivac  
  53  5:08  SCV x2  
  53  5:11  Medivac  
  57  5:17  Supply Depot  
  57  5:20  SCV x2  
  59  5:22  Marine  
  60  5:31  Marine x2  
  62  5:39  SCV x2, Siege Tank  
  62  5:40  Marine  
  62  5:41  Supply Depot  
  68  5:49  Marine x2  
  70  5:57  Marine  
  71  6:05  Orbital Command  
  71  6:06  Marine  
  71  6:07  Marine  
  73  6:11  Siege Tank, Liberator x2  
  73  6:15  Marine  
  83  6:22  SCV x2  
  83  6:24  Marine x2  
  83  6:25  Supply Depot  
  87  6:32  Barracks  
  87  6:33  Barracks, Marine  
  87  6:34  SCV x2  
  87  6:36  SCV  
  91  6:42  Supply Depot x2  
  91  6:46  Siege Tank, SCV  
  90  7:15  Marine x3  
  80  7:25  Barracks Reactor  
  80  7:28  Siege Tank  
  80  7:29  Barracks Reactor  
  83  7:32  Marine  
  83  7:33  Marine x2  
  83  7:43  Orbital Command  
  80  7:45  Medivac x2  
  80  7:50  Marine x3  
  78  8:08  Marine x3  
  54  8:26  Marine x3  
  47  8:42  Siege Tank  
  47  8:44  Marine x7  
  57  8:53  SCV x3  
  60  9:01  Marine x2  
  60  9:02  Marine x5  
  67  9:05  SCV x3  
  70  9:17  SCV  
  70  9:19  Refinery, Marine x4  
  70  9:20  Marine x3  
  78  9:30  SCV x2, Armory  
  80  9:35  Command Center  
  80  9:36  Barracks  
  80  9:37  Marine x7  
  87  9:39  Barracks  
  87  9:43  Barracks  
  87  9:44  SCV x3, Siege Tank  
  93  9:46  Combat Shield  
  93  9:55  Marine x6  
  87  10:13  Marine x2  
  88  10:27  Marine x5  
  90  10:35  Barracks Reactor  
  90  10:37  Siege Tank  
  90  10:38  Barracks Tech Lab  
  90  10:40  SCV x2  
  90  10:42  Marine  
  96  10:48  Barracks  
  96  10:49  Barracks Reactor, Marine  
  96  10:50  Marine x5, Barracks  
  96  10:51  Command Center  
  101  10:59  Marine  
  101  11:00  Marine  
  99  11:07  Marine  
  99  11:08  Marine x5  
  99  11:09  Siege Tank  
  101  11:18  Marine  
  96  11:25  Marine x6  
  89  11:41  Siege Tank  
  64  12:22  Command Center  
Show
View Real Time Build Order
Export as new Build Order

BeMyWife Zerg - Winner!

Build Orders: Hatch First, Lurkers 

Get SALT Encoding   

  12  0:02  Drone  
  13  0:09  Drone  
  14  0:19  Extractor  
  14  0:20  Drone  
  14  0:21  Extractor  
  13  0:22  Drone  
  13  0:27  Overlord  
  16  0:50  Hatchery  
  16  0:52  Drone  
  16  0:55  Extractor  
  15  0:58  Drone  
  16  1:13  Spawning Pool  
  16  1:16  Drone  
  16  1:20  Drone  
  17  1:27  Drone  
  17  1:29  Drone  
  19  1:39  Drone  
  20  1:50  Overlord  
  20  2:01  Queen  
  20  2:06  Queen  
  24  2:09  Drone  
  24  2:14  Zergling x2  
  26  2:16  Drone  
  26  2:20  Drone  
  28  2:29  Metabolic Boost  
  28  2:31  Drone  
  28  2:33  Drone x2  
  31  2:50  Zergling x2  
  32  2:51  Drone x2  
  32  2:58  Hatchery  
  33  3:04  Queen  
  35  3:11  Drone  
  36  3:22  Roach Warren, Evolution Chamber  
  36  3:25  Zergling x4  
  36  3:26  Overlord  
  35  3:35  Overlord  
  35  3:38  Extractor  
  35  3:40  Overlord  
  34  3:48  Drone x2  
  34  3:49  Drone x2  
  34  3:52  Drone  
  34  3:55  Drone x2  
  41  3:57  Drone  
  41  3:59  Drone  
  41  4:01  Drone  
  44  4:05  Drone  
  45  4:12  Queen  
  45  4:15  Drone  
  49  4:17  Drone  
  49  4:18  Drone  
  49  4:23  Zerg Missile Weapons Level 1  
  50  4:26  Roach  
  52  4:32  Lair  
  52  4:34  Drone  
  52  4:35  Drone  
  54  4:41  Drone x2  
  56  4:46  Roach x3  
  56  4:49  Extractor  
  56  4:51  Extractor  
  60  4:55  Drone x2  
  60  4:57  Drone x3  
  65  5:05  Overlord  
  65  5:07  Overlord  
  65  5:13  Overlord x2  
  65  5:20  Overlord  
  65  5:24  Overlord  
  65  5:26  Ravager x4  
  69  5:29  Overlord, Drone  
  69  5:30  Drone  
  69  5:31  Drone x3  
  69  5:33  Drone x3  
  77  5:37  Drone x2  
  77  5:38  Drone  
  80  5:52  Drone  
  80  5:53  Drone x3  
  80  5:55  Extractor  
  80  5:56  Extractor  
  82  5:58  Glial Reconstitution  
  82  5:59  Overseer  
  82  6:02  Roach  
  82  6:03  Roach x2  
  88  6:07  Evolution Chamber  
  87  6:11  Overlord  
  87  6:12  Infestation Pit  
  87  6:13  Roach x3  
  87  6:14  Roach  
  94  6:19  Drone x2  
  94  6:20  Drone x3  
  99  6:26  Drone  
  99  6:27  Drone x4  
  99  6:32  Zerg Ground Armor Level 1  
  104  6:33  Zerg Missile Weapons Level 2  
  104  6:35  Drone  
  104  6:36  Drone  
  104  6:38  Drone  
  104  6:39  Drone x2  
  109  6:53  Infestor x2, Hatchery  
  94  7:14  Roach x4  
  102  7:18  Roach x7  
  102  7:20  Roach x3  
  108  7:41  Queen  
  108  7:42  Drone x2  
  108  7:43  Drone  
  111  7:44  Spore Crawler  
  111  7:46  Spore Crawler  
  109  7:51  Drone  
  109  7:52  Drone x4  
  109  7:53  Drone  
  109  7:54  Drone x5  
  67  8:34  Drone x5  
  67  8:39  Hydralisk Den  
  67  8:40  Roach x6  
  80  8:42  Roach x3  
  80  8:44  Queen  
  80  8:45  Drone x3  
  91  9:00  Drone  
  91  9:01  Baneling Nest, Drone  
  92  9:03  Roach x2, Zerg Ground Armor Level 2  
  92  9:06  Drone x2  
  92  9:09  Infestation Pit  
  97  9:10  Hydralisk x3  
  97  9:12  Hydralisk  
  97  9:13  Hydralisk x4  
  97  9:14  Drone  
  97  9:15  Drone  
  115  9:17  Drone x3  
  118  9:30  Hydralisk  
  120  9:31  Overlord  
  120  9:33  Grooved Spines  
  120  9:36  Overlord x4, Lurker Den  
  119  9:39  Drone  
  119  9:40  Spore Crawler, Overlord x2  
  119  9:43  Extractor  
  119  9:44  Extractor, Drone  
  118  9:46  Centrifugal Hooks  
  118  9:48  Hydralisk  
  118  9:49  Overlord  
  118  9:50  Overlord x2  
  118  10:06  Roach  
  118  10:07  Roach  
  118  10:08  Hydralisk x4  
  119  10:19  Zergling x14  
  124  10:29  Zergling x4  
  124  10:30  Zergling x2  
  124  10:31  Zergling x10  
  132  10:37  Drone x2  
  132  10:38  Drone x4  
  138  10:44  Ravager x2  
  138  10:45  Ravager x2  
  142  10:50  Lurker x3  
  142  10:52  Lurker x2  
  135  11:30  Hydralisk x3  
  135  11:32  Roach  
  139  11:33  Roach x2  
  139  11:34  Overlord x2, Roach  
  128  12:19  Evolution Chamber  
Tags
 
Add a new tag
Caveats
  • Supply blocks, unpowered buildings, or Contaminate may cause inaccurate times.
  • Supply counts are checked every 10 seconds.